 Dungeon Crawl Stone Soup version 0.27-a0-1196-g3e9cee4cb2 (webtiles) character file.

Game seed: 15460749009948915736

86 Morbidden the Sneak (level 4, -9/27 HPs)
             Began as a Kobold Brigand on May 29, 2021.
             Killed from afar by a white imp (10 damage)
             ... with a puff of frost
             ... summoned by Natasha
             ... on level 2 of the Dungeon.
             The game lasted 00:01:50 (2398 turns).

Morbidden the Sneak (Kobold Brigand)                Turns: 2398, Time: 00:01:51

Health: -9/27      AC:  3    Str:  8    XL:     4   Next: 77%
Magic:  5/5        EV: 14    Int: 13    God:
Gold:   50         SH:  0    Dex: 16    Spells: 5/5 levels left

rFire    . . .     SeeInvis .   a - +2 dagger
rCold    . . .     Faith    .   (shield restricted)
rNeg     . . .     Spirit   .   b - +0 robe
rPois    .         Reflect  .   (no helmet)
rElec    .         Harm     .   c - +0 cloak
rCorr    .         Rampage  .   (no gloves)
Will     .....                  (no boots)
Stlth    +++++.....             (no amulet)
HPRegen  0.09/turn              (no ring)
MPRegen  0.09/turn              (no ring)

@: no status effects
A: small, no large weapons, nightstalker 3
a: no special abilities


You were on level 2 of the Dungeon.
You visited 1 branch of the dungeon, and saw 2 of its levels.

You collected 50 gold pieces.

Inventory:

Hand Weapons
 a - a +2 dagger (weapon)
Missiles
 d - 24 poisoned darts (quivered)
 e - 2 curare-tipped darts
Armour
 b - a +0 robe (worn)
 c - a +0 cloak (worn)
Scrolls
 f - 5 scrolls of identify {unknown}
 i - a scroll of teleportation {unknown}
 k - a scroll of enchant weapon {unknown}
 l - 3 scrolls of noise {unknown}
Potions
 g - a potion of brilliance {unknown}
 h - a potion of berserk rage {unknown}
 j - a potion of heal wounds {unknown}


   Skills:
 * Level 2.8 Fighting
 + Level 2.9 Short Blades
 - Level 2.1 Throwing
 + Level 1.7 Dodging
 + Level 7.1 Stealth
 * Level 1.1 Spellcasting


You had 5 spell levels left.
You didn't know any spells.
Your spell library contained the following spells:

 Spells                   Type           Power      Damage    Failure   Level
 Magic Dart               Conj           0%         1d3       28%         1
 Blink                    Tloc           N/A        N/A       38%         2
 Call Imp                 Summ           0%         N/A       38%         2
 Slow                     Hex            0%         N/A       38%         2
 Conjure Flame            Conj/Fire      0%         6-21      63%         3
 Mephitic Cloud           Conj/Pois/Air  0%         N/A       63%         3


Dungeon Overview and Level Annotations

Branches:
Dungeon (2/15)

Altars:

Annotations:
D:2 Natasha


Innate Abilities, Weirdness & Mutations

You are small and have problems with some larger weapons.
You are completely attuned to the shadows.


Message History

Natasha mumbles some strange words.
Throw: 27 darts (poison)
Press: ? - help, Q - select action, (/) - cycle Shift-Dir - straight line, f/p - Natasha
Aim: Natasha (55% to hit)
You throw a poisoned dart.
The poisoned dart closely misses the white imp.
The poisoned dart barely misses Natasha.
You hear a splash.
Natasha mumbles some strange words.
Throw: 26 darts (poison)
Press: ? - help, Q - select action, (/) - cycle Shift-Dir - straight line, f/p - Natasha
Aim: Natasha (55% to hit)
You throw a poisoned dart.
The poisoned dart closely misses the white imp.
The poisoned dart hits Natasha.
Natasha is poisoned.
You hear a splash.
The white imp closely misses you.
Throw: 25 darts (poison)
Press: ? - help, Q - select action, (/) - cycle Shift-Dir - straight line, f/p - Natasha
Aim: Natasha (poisoned, 55% to hit)
You throw a poisoned dart. The poisoned dart hits the white imp.
The white imp gestures at you. The puff of frost hits you.
Unknown command.
Natasha stares at you and mumbles some strange words.
The magic dart hits you. The white imp gestures at you.
The puff of frost hits you.
You hit Natasha but do no damage. Natasha claws you.
The white imp closely misses you.
You hit Natasha.
Natasha is lightly wounded.
Natasha barely misses you. The white imp gestures at you.
The puff of frost hits you!
* * * LOW HITPOINT WARNING * * *
Unknown command.
The white imp gestures at you. The puff of frost hits you!
You die...

.###≈.P≈♣≈≈≈P
.PP≈≈≈≈♣≈≈PP
≈≈≈≈≈≈♣≈.P≈# #
.≈≈≈♣≈≈P.≈#.########
P(P≈PP≈≈#...........
#.((Ph≈..#...........
#P≈P.55..#...........
#.##....#...........
#..@....###.........
####....# #.........
#....# #.#.###.#.
#....# #.#.###...
#...)###.#.[..##.
#........####.##.
####.#...####.##.
#.............
###...#####...


You could see Natasha (poisoned), a white imp (summoned) and a shadow imp
(summoned).

Vanquished Creatures
  Jessica (D:2)
  Natasha (D:2)
  A worm (D:2)
  A dart slug (D:2)
  An endoplasm (D:1)
  2 giant cockroaches
  3 goblins (D:2)
  A hobgoblin (D:1)
  2 jackals (D:2)
  6 kobolds
  2 quokkas
  2 ball pythons (D:2)
  4 bats
  A frilled lizard (D:1)
  2 rats (D:1)
30 creatures vanquished.

Vanquished Creatures (others)
  35 plants (D:2)
35 creatures vanquished.

Grand Total: 65 creatures vanquished

Notes
Turn   | Place    | Note
-------+----------+-------------------------------------------
     0 | D:1      | Morbidden the Kobold Brigand began the quest for the Orb.
     0 | D:1      | Reached XP level 1. HP: 12/12 MP: 1/1
   200 | D:1      | Found a faded altar of an unknown god.
   329 | D:1      | Reached XP level 2. HP: 17/17 MP: 2/2
  1325 | D:2      | Reached skill level 6 in Stealth
  1489 | D:2      | Reached XP level 3. HP: 20/22 MP: 3/3
  1722 | D:2      | Noticed Jessica
  1726 | D:2      | Killed Jessica
  1727 | D:2      | Reached XP level 4. HP: 27/27 MP: 4/4
  1970 | D:2      | Noticed Natasha
  1983 | D:2      | Killed Natasha
  1984 | D:2      | Reached skill level 7 in Stealth
  1984 | D:2      | Reached skill level 1 in Spellcasting
  2375 | D:2      | Noticed Natasha
  2397 | D:2      | HP: 1/27 [white imp/puff of frost[Natasha] (9)]
  2398 | D:2      | Killed from afar by a white imp

Illustrated notes

Levels and vault maps discovered:
D:1:      dpeg_arrival_lava_altar, layout_basic, serial_forest,
          infiniplex_forest_end_3, infiniplex_forest_clump_diagonal,
          infiniplex_forest_lined_3, infiniplex_forest_clump_medium,
          infiniplex_forest_clump_medium, infiniplex_forest_lined_4_way,
          infiniplex_forest_straight_4, ebering_ecumenical_altar_rust,
          chequers_serial_rivers_small_3
D:2:      layout_basic, serial_bayou, serial_bayou_lagoon_a,
          serial_bayou_shore_a, serial_bayou_pond_d, serial_bayou_pond_d,
          kennysheep_cluttered_room, kennysheep_generic_room_4, uniq_natasha,
          uniq_jessica, uniq_terence

Skill      XL: |  1  2  3  4 |
---------------+-------------+-----
Stealth        | 6 7 |  7.1
Spellcasting   | 1 |  1.1
Fighting       | |  2.8
Short Blades   | |  2.9
Throwing       | |  2.1
Dodging        | |  1.7

Action                   |  1- 3 |  4- 6 || total
-------------------------+-------+-------++-------
Melee: Dagger            |    33 |    39 ||    72
Throw: Dart              |       |    12 ||    12
 Stab: Sleeping          |    16 |     1 ||    17
Armor: Robe              |     4 |    11 ||    15
Dodge: Dodged            |    11 |    29 ||    40

Table legend: (Time is in decaauts)
 A = Elapsed time spent in this place.
 B = Non-inter-level travel time spent in this place.
 C = Inter-level travel time spent in this place.
 D = Time resting spent in this place.
 E = Time spent auto-exploring this place.
 F = Levels seen in this place.
 G = Mean time per level.
                   A        B        C        D        E       F      G
               +--------+--------+--------+--------+--------+-----+--------+
         Total |   2429 |   2423 |      6 |      0 |   2189 |   2 | 1214.5 |
       Dungeon |   2429 |   2423 |      6 |      0 |   2189 |   2 | 1214.5 |
               +--------+--------+--------+--------+--------+-----+--------+

Top non-repeatable levels by time:
     D:1: 1230 daAuts
     D:2: 1199 daAuts
